 Dungeon Crawl Stone Soup version 0.30-a0-591-g3c58d2bc28 (webtiles) character file.

Game seed: 15770370614535125983

139 omnomnOMINOUS the Stinger (level 5, -2/34 HPs)
             Began as an Octopode Wanderer on Jan 6, 2023.
             Was a Follower of Uskayaw.
             Slain by Natasha (8 damage)
             ... on level 3 of the Dungeon.
             The game lasted 00:03:31 (1672 turns).

omnomnOMINOUS the Stinger (Octopode Wanderer)       Turns: 1672, Time: 00:03:32

Health: -2/34      AC:  1    Str: 10    XL:     5   Next: 22%
Magic:  8/8        EV: 13    Int: 19    God:    Uskayaw [*.....]
Gold:   66         SH:  0    Dex: 10    Spells: 8/8 levels left

rFire   . . .      SeeInvis .    a - +0 dagger
rCold   . . .      Faith    .    (no shield)
rNeg    . . .      Spirit   .    (helmet restricted)
rPois   .          Reflect  .    (no amulet)
rElec   .          Harm     .    (no ring)
rCorr   .          Rampage  .    (no ring)
Will    .....                    (no ring)
Stlth   +++                      (no ring)
HPRegen 0.25/turn                (no ring)
MPRegen 0.11/turn                (no ring)
                                 (no ring)
                                 (no ring)

@: no status effects
A: almost no armour, amphibious, 8 rings, camouflage 1, gelatinous body 1,
(nimble swimmer 1), tentacles
a: Renounce Religion, Stomp


You were on level 3 of the Dungeon.
You worshipped Uskayaw.
Uskayaw was noncommittal.
You visited 1 branch of the dungeon, and saw 3 of its levels.

You collected 66 gold pieces.

Inventory:

Hand Weapons
 a - a +0 dagger (weapon)
Missiles
 b - 14 poisoned darts (quivered)
Scrolls
 d - 3 scrolls of fear {unknown}
 f - a scroll of immolation {unknown}
 h - a scroll of vulnerability {unknown}
 i - a scroll of acquirement {unknown}
 j - a scroll of teleportation {unknown}
Potions
 c - a potion of attraction


   Skills:
 + Level 1.8 Fighting
 + Level 1.8 Short Blades
 - Level 1.0 Throwing
 + Level 2.2 Dodging
 + Level 2.8 Stealth
 + Level 2.1 Spellcasting
 - Level 3.0 Necromancy
 - Level 3.6 Poison Magic
 - Level 1.1 Evocations


You had 8 spell levels left.
You didn't know any spells.
Your spell library contained the following spells:

 Spells                   Type           Power      Damage    Failure   Level
 Sting                    Tmut/Pois      32%        1d4       8%          1
 Sublimation of Blood     Necr           13%        N/A       8%          2
 Kiss of Death            Conj/Necr      28%        2d7       9%          1
 Ignite Poison            Fire/Tmut/Pois 6%         N/A       30%         3
 Animate Dead             Necr           13%        N/A       43%         4


Dungeon Overview and Level Annotations

Branches:
Dungeon (3/15)

Altars:
Uskayaw

Annotations:
D:3 3 runed translucent doors, Natasha; OTABOTABOTAB's ghost, amateur GnTm; Splishie's ghost, amateur GnWn; flotson's ghost, weakling DsDe


Innate Abilities, Weirdness & Mutations

You cannot wear most types of armour.
You are amphibious.
You can wear up to eight rings at the same time.
Your skin changes colour to match your surroundings (Stealth+).
Your rubbery body absorbs attacks. (AC +1, EV +1)
((You are camouflaged when in or above water. (Stealth+)))
You have tentacles for arms and can constrict up to eight enemies at once.


Message History

You kill Terence!
You have reached level 5!
You feel agile.
Things that are here:
a +0 falchion; a +0 scale mail You start to feel less resistant.
You now have 66 gold pieces (gained 10).
Your resistance to elements expires.
Natasha, Servant of Life and Death comes into view.
Natasha hisses angrily.
Natasha casts a spell.
You hit Natasha. Your grab misses Natasha. You tentacle-slap Natasha.
Natasha is moderately wounded.
Natasha claws you!
You hit Natasha. Your grab misses Natasha.
Natasha is heavily wounded.
The white imp gestures at you. The puff of frost hits you!
You are too injured to fight recklessly!
You are too injured to fight recklessly!
You are too injured to fight recklessly!
You completely miss Natasha. Your grab misses Natasha.
Natasha is heavily wounded.
Natasha claws you!
* * * LOW HITPOINT WARNING * * *
The white imp closely misses you.
You barely miss Natasha. Your grab misses Natasha. Your squeeze misses Natasha.
Natasha is heavily wounded.
Natasha wildly gestures.
You feel disoriented. Natasha claws you.
* * * LOW HITPOINT WARNING * * *
The white imp closely misses you.
You barely miss Natasha. Your grab misses Natasha.
Natasha is heavily wounded.
Natasha closely misses you. The white imp closely misses you.
You barely miss Natasha. Your grab misses Natasha.
Natasha is moderately wounded.
Natasha claws you!
You die...

#.......### #.#.#†....#
# ####.....#.#.## #
#.#...#.........# #
#.#.##.....#.#..# #
###.#.##(#.#).....# #
#.....#....###.##.# #
#.#.h#<.## #.#..####
#.#@#..# #..#..<..
#.#.#5.#..#####.###....
#.............## ##...
#.#####...####.# #..##
#. #.........#..... #
#.##'##.##.#..## #.#
..# .# # #.# 8.# # #.#
..#


You could see Natasha and a white imp (summoned).

Vanquished Creatures
  Terence (D:3)
  Natasha (twice) (D:3)
  An adder (D:3)
  3 dart slugs (D:1)
  2 bats
  2 endoplasms (D:1)
  2 giant cockroaches (D:1)
  4 goblins
  6 hobgoblins
  2 jackals (D:1)
  4 kobolds (D:1)
  4 quokkas
  2 ball pythons (D:1)
  3 frilled lizards (D:1)
  9 rats
47 creatures vanquished.

Vanquished Creatures (others)
  4 withered plants (D:3)
4 creatures vanquished.

Grand Total: 51 creatures vanquished

Notes
Turn   | Place    | Note
-------+----------+-------------------------------------------
     0 | D:1      | omnomnOMINOUS the Octopode Wanderer began the quest for the
                  | Orb.
     0 | D:1      | omnomnOMINOUS set off with the following items: a +0
                  | dagger, 14 poisoned darts, a potion of attraction; and the
                  | following spells available to memorise: Sublimation of
                  | Blood, Sting, Kiss of Death, Ignite Poison, Animate Dead.
     0 | D:1      | Reached XP level 1. HP: 11/11 MP: 2/2
    90 | D:1      | Reached XP level 2. HP: 16/18 MP: 3/3
   201 | D:1      | Reached skill level 1 in Stealth
   359 | D:1      | Found a faded altar of an unknown god.
   385 | D:1      | Prayed at the altar of an unknown god.
   385 | D:1      | Became a worshipper of Uskayaw the Reveller
   385 | D:1      | Reached * piety under Uskayaw
   400 | D:1      | Reached ** piety under Uskayaw
   403 | D:1      | Reached *** piety under Uskayaw
   408 | D:1      | Reached **** piety under Uskayaw
   438 | D:1      | Reached XP level 3. HP: 10/22 MP: 5/5
   523 | D:1      | Reached skill level 1 in Fighting
   523 | D:1      | Reached skill level 1 in Short Blades
  1229 | D:2      | You fall into a shaft and drop 1 floor!
  1315 | D:3      | Noticed Natasha
  1325 | D:3      | Killed Natasha
  1326 | D:3      | Reached XP level 4. HP: 13/28 MP: 6/6
  1492 | D:3      | Found a runed translucent gate.
  1493 | D:3      | Found a runed translucent gate.
  1493 | D:3      | Found a runed translucent gate.
  1494 | D:3      | Noticed flotson's ghost (weakling DsDe)
  1494 | D:3      | Noticed OTABOTABOTAB's ghost (amateur GnTm)
  1496 | D:3      | Noticed Splishie's ghost (amateur GnWn)
  1521 | D:3      | Noticed Natasha
  1537 | D:3      | Killed Natasha
  1601 | D:3      | Noticed Terence
  1618 | D:3      | Killed Terence
  1619 | D:3      | Reached XP level 5. HP: 26/34 MP: 8/8
  1664 | D:3      | Noticed Natasha
  1672 | D:3      | Slain by Natasha

Illustrated notes

Levels and vault maps discovered:
D:1:      dpeg_arrival_leaves_temple_mockup, layout_basic,
          chequers_ecumenical_altar_island, st_stairs_14, minmay_close_crescents
D:2:      layout_rooms, minmay_misc_feat_five, chequers_serial_rivers_micro_d,
          uniq_crazy_yiuf_cottage, uniq_sigmund
D:3:      layout_loops_ring, gammafunk_ghost_cemetery, minmay_misc_feat_room,
          minmay_unequal, uniq_natasha, uniq_terence

Skill      XL: |  1  2  3  4 |
---------------+-------------+-----
Stealth        | 1 2 |  2.8
Fighting       | 1 |  1.8
Short Blades   | 1 |  1.8
Dodging        | 2 |  2.2
Spellcasting   | 2 |  2.1
Throwing       | |  1.0
Necromancy     | |  3.0
Poison Magic   | |  3.6
Evocations     | |  1.1

Action                   |  1- 3 |  4- 6 || total
-------------------------+-------+-------++-------
Melee: Dagger            |   103 |    38 ||   141
       Constrict         |    27 |     9 ||    36
       Tentacles         |    19 |    12 ||    31
       Punch             |     3 |     3 ||     6
Throw: Dart              |     1 |       ||     1
  Use: Potion            |       |     3 ||     3
 Stab: Sleeping          |     1 |     2 ||     3
       Paralysed         |     1 |       ||     1
Armor: Skin              |     8 |     3 ||    11
Dodge: Dodged            |    72 |    24 ||    96

Table legend: (Time is in decaauts)
 A = Elapsed time spent in this place.
 B = Non-inter-level travel time spent in this place.
 C = Inter-level travel time spent in this place.
 D = Time resting spent in this place.
 E = Time spent auto-exploring this place.
 F = Levels seen in this place.
 G = Mean time per level.
                   A        B        C        D        E       F      G
               +--------+--------+--------+--------+--------+-----+--------+
         Total |   1672 |   1625 |     47 |    368 |    903 |   3 |  557.3 |
       Dungeon |   1672 |   1625 |     47 |    368 |    903 |   3 |  557.3 |
               +--------+--------+--------+--------+--------+-----+--------+

Top non-repeatable levels by time:
     D:1: 1225 daAuts
     D:3: 447 daAuts
